AoeStats
← ramon_beas21

Lombardia

509918080Analyzed
3v3 RM · 3d ago on Sep 28, 2026· 52m 31s· 6 players
Game mode
Random Map
Map size
Normal (6 player)
Population
200
Speed
Normal
Resources
Standard
Victory
Conquest
Starting age
Dark Age
Ending age
Imperial Age
RankedLock teamsTeams togetherTeam positionsShared explorationLock speedFull tech treeHidden civsTurbo modeCheats
Victory
Defeat
🇸🇪 Varangians · Sweden
837
+28
🇪🇸 Goths · Spain
826
+15
🇲🇽 Poles · Mexico
826
+15
🇪🇸 Danes · Spain
888
-18
🇪🇸 Burgundians · Spain
868
-17
🇪🇸 Britons · Spain
650
-9
j.quintero_1988
1:13 Loom
11:16 Feudal Age
17:42 Castle Age
19:44 Murder Holes
28:58 Szlachta Privileges
29:04 Horse Collar
29:14 Double-Bit Axe
29:48 Forging
30:16 Husbandry
30:27 Bloodlines
31:03 Ballistics
30:25 Treadmill Crane
35:17 Heavy Plow
42:55 Imperial Age
40:53 Bow Saw
43:10 Wheelbarrow
43:09 Cavalier
francisco.valent
6:59 Loom
10:35 Feudal Age
16:41 Castle Age
17:06 Pikeman
17:48 Squires
18:27 Wheelbarrow
17:38 Town Watch
18:11 Scale Mail Armor
22:44 Double-Bit Axe
22:43 Horse Collar
24:26 Gold Mining
25:43 Stone Mining
26:03 Loom
29:12 Bow Saw
29:05 Heavy Plow
29:52 Stone Shaft Mining
30:02 Anarchy
31:25 Hand Cart
36:03 Imperial Age
35:17 Town Patrol
35:36 Man-at-Arms
36:39 Chain Mail Armor
36:35 Forging
36:13 Elite Huskarl
37:27 Halberdier
38:50 Iron Casting
40:17 Two-Man Saw
39:52 Crop Rotation
40:59 Conscription
40:40 Perfusion
40:55 Long Swordsman
42:55 Ballistics
43:36 Chemistry
43:38 Blast Furnace
Seger
10:55 Feudal Age
11:22 Feudal Age
13:47 Double-Bit Axe
13:45 Horse Collar
23:41 Castle Age
22:33 Bloodlines
22:25 Gold Mining
29:03 Scale Barding Armor
29:08 Forging
30:54 Wheelbarrow
31:01 Wheelbarrow
30:17 Loom
30:19 Town Watch
32:20 Husbandry
34:35 Stone Mining
35:02 Hand Cart
39:20 Imperial Age
37:01 Vendel Legacy
38:28 Chain Barding Armor
39:45 Iron Casting
40:24 Conscription
41:31 Blast Furnace
41:07 Plate Barding Armor
43:52 Cavalier
reskius
13:28 Feudal Age
18:03 Castle Age
17:12 Horse Collar
19:22 Heavy Plow
19:16 Double-Bit Axe
28:49 Loom
29:30 Bow Saw
31:49 Wheelbarrow
33:41 Forging
33:23 Fletching
38:08 Imperial Age
36:24 Town Watch
36:57 Hand Cart
37:25 Hamask
39:14 Heavy Scorpion
47:16 Elite Jomsviking
ramon_beas21
0:43 Loom
14:12 Feudal Age
17:31 Man-at-Arms
18:33 Horse Collar
24:14 Castle Age
27:12 Yeomen
26:59 Long Swordsman
29:43 Fletching
33:25 Fortified Wall
33:36 Ballistics
34:12 Padded Archer Armor
37:32 Pikeman
38:36 Leather Archer Armor
38:22 Scale Mail Armor
39:10 Husbandry
44:31 Imperial Age
sebamontoro
0:29 Loom
12:17 Feudal Age
12:56 Double-Bit Axe
22:21 Castle Age
20:24 Horse Collar
21:10 Bow Saw
40:28 Imperial Age
40:25 Town Watch
43:34 Gold Mining
45:30 Conscription
48:21 Murder Holes
49:59 Burgundian Vineyards
49:54 Elite Coustillier
Connection lost

Rejoining the realm…

Still unreachable

The connection could not be restored.

Session expired

The server has moved on; the page needs a fresh start.